 Dungeon Crawl Stone Soup version 0.19.1 (console) character file.

117 nht the Chopper (level 4, -2/39 HPs)
             Began as a Minotaur Chaos Knight on Nov 27, 2016.
             Slain by a worm (4 damage)
             ... on level 2 of the Dungeon.
             The game lasted 00:01:39 (1168 turns).

nht the Chopper (Minotaur Chaos Knight)             Turns: 1168, Time: 00:01:40

Health: -2/39      AC:  6    Str: 15 (18) XL:     4   Next: 71%
Magic:  3/3        EV: 11    Int:  7 (9)  God:    Xom [.*....]
Gold:   167        SH:  0    Dex:  7 (9)  Spells: 0 memorised, 3 levels left

rFire  . . .     SeeInvis .     a - +0 hand axe (chaos)
rCold  . . .     Gourm    .     b - +2 leather armour
rNeg   . . .     Faith    .     (no shield)
rPois  .         Spirit   .     (helmet restricted)
rElec  .         Reflect  .     h - +0 cloak
rCorr  .         Harm     .     (no gloves)
MR     .....                    (no boots)
Stlth  +.........               (no amulet)
                                (no ring)
                                (no ring)

@: no status effects
A: retaliatory headbutt, horns 2
a: Renounce Religion


You were on level 2 of the Dungeon.
You worshipped Xom.
You were a plaything of Xom.
You were not hungry.

You visited 1 branch of the dungeon, and saw 2 of its levels.

You collected 167 gold pieces.

Inventory:

Hand Weapons
 a - a +0 hand axe of chaos (weapon)
Missiles
 d - a throwing net (quivered)
Armour
 b - a +2 leather armour (worn)
 h - a +0 cloak (worn)
Scrolls
 e - a scroll of enchant weapon {unknown}
 f - 2 scrolls of fear {unknown}
 g - a scroll of magic mapping {unknown}
 j - a scroll of amnesia {unknown}
 k - 2 scrolls of remove curse {unknown}
 m - a scroll of noise {unknown}
 n - a scroll of teleportation {unknown}
 p - 2 scrolls of identify {unknown}
Comestibles
 c - 2 bread rations
 i - 2 meat rations
 l - 5 chunks of flesh


   Skills:
 - Level 3.6 Fighting
 + Level 6.6 Axes
 - Level 2.4 Armour
 - Level 1.1 Dodging


You had 3 spell levels left.
You didn't know any spells.

Dungeon Overview and Level Annotations

Branches:
Dungeon (2/15)

Altars:


Innate Abilities, Weirdness & Mutations

You reflexively headbutt those who attack you in melee.
You have a pair of horns on your head.


Message History

You slash the worm!
The worm is heavily wounded.
The worm bites you.
You hit the worm but do no damage.
The worm goes berserk!
The worm is heavily wounded.
The worm bites you!
* * * LOW HITPOINT WARNING * * *
You are too injured to fight recklessly!
It was a potion of degeneration.
There was something very wrong with that liquid.
You feel weakened.
You feel dopey.
You feel clumsy.
You slash the worm! You burn the worm.
You headbutt the worm, but do no damage.
The worm is severely wounded.
The worm bites you!
* * * LOW HITPOINT WARNING * * *
You hit the worm. You freeze the worm.
The worm is almost dead.
The worm bites you.
You die... .......÷.██.█.█.█... .........██.█.█[█... .........██.█....... ████████.█.......... ██████

█.█████......
█....█ █.█
█......
███....███.█
██.████
███........█.█
......w@.....█
..$........███
..?........█
███........█
█........█
████..?███
█...█ █...█


You could see a worm (berserk).

Vanquished Creatures
  5 gnolls
  2 adders (D:2)
  An ooze (D:1)
  A dart slug (D:1)
  A leopard gecko (D:2)
  4 bats (D:1)
  A giant cockroach (D:2)
  4 goblins (D:1)
  4 hobgoblins
  13 jackals
  3 frilled lizards (D:1)
  5 rats
44 creatures vanquished.

Notes
Turn   | Place    | Note
-------+----------+-------------------------------------------
     0 | D:1      | nht the Minotaur Chaos Knight began the quest for the Orb.
     0 | D:1      | Reached XP level 1. HP: 19/19 MP: 0/0
    24 | D:1      | Reached skill level 4 in Axes
   231 | D:1      | Reached XP level 2. HP: 20/26 MP: 1/1
   412 | D:1      | Reached skill level 5 in Axes
   412 | D:1      | Reached XP level 3. HP: 17/31 MP: 2/2
   785 | D:1      | XOM: polymorph something unseen -> gnoll
   833 | D:1      | XOM: harmless Divn miscast
   937 | D:2      | XOM: butterfly on damage
   937 | D:2      | XOM: smoke on damage
   939 | D:2      | Reached skill level 6 in Axes
   939 | D:2      | Reached XP level 4. HP: 5/39 MP: 3/3
   965 | D:2      | XOM: noise
  1168 | D:2      | Slain by a worm

Skill      XL: |  1  2  3 |
---------------+----------+-----
Axes           | 4 5 6 |  6.6
Fighting       | |  3.6
Armour         | |  2.4
Dodging        | |  1.1

Action                   |  1- 3 |  4- 6 || total
-------------------------+-------+-------++-------
Melee: Hand axe          |    81 |    24 ||   105
       Headbutt          |    18 |     2 ||    20
  Use: Potion            |     2 |     3 ||     5
  Eat: Chunk             |       |     1 ||     1
Armor: Leather armour    |    35 |     3 ||    38
       Skin              |       |     3 ||     3
Dodge: Dodged            |    59 |    11 ||    70
